 Dungeon Crawl Stone Soup version 0.29-a0-367-gc2b5878c41 (webtiles) character file.

Game seed: 17610130892561935296

52 Essalna the Grave Robber (level 3, -1/24 HPs)
             Began as a Demonspawn Necromancer on May 1, 2022.
             Slain by Natasha (4 damage)
             ... on level 2 of the Dungeon.
             The game lasted 00:03:01 (1968 turns).

Essalna the Grave Robber (Demonspawn Necromancer)   Turns: 1968, Time: 00:03:01

Health: -1/24      AC:  4    Str:  8    XL:     3   Next: 60%
Magic:  1/7        EV: 12    Int: 18    God:
Gold:   64         SH:  4    Dex: 13    Spells: 7/8 levels left

rFire   . . .      SeeInvis .   e - +0 dagger (vamp)
rCold   . . .      Faith    .   (no shield)
rNeg    . . .      Spirit   .   a - +0 robe
rPois   .          Reflect  .   (no helmet)
rElec   .          Harm     .   g - +1 cloak
rCorr   .          Rampage  .   (no gloves)
Will    .....                   (no boots)
Stlth   ++........              (no amulet)
HPRegen 0.08/turn               (no ring)
MPRegen 0.10/turn               (no ring)

@: slowed, very slow
A: hooves 1, condensation shield
a: no special abilities


You were on level 2 of the Dungeon.
You visited 1 branch of the dungeon, and saw 2 of its levels.

You collected 64 gold pieces.

Inventory:

Hand Weapons
 e - a +0 vampiric dagger (weapon)
Armour
 a - a +0 robe (worn)
 g - a +1 cloak (worn)
Scrolls
 c - a scroll of identify
Potions
 b - a potion of magic
 f - a potion of attraction
 j - a potion of curing


   Skills:
 - Level 1.7 Dodging
 - Level 1.7 Stealth
 + Level 3.0 Spellcasting
 + Level 5.2 Necromancy


You had 7 spell levels left.
You knew the following spells:

 Your Spells              Type           Power      Damage    Failure   Level
a - Pain                  Necr           84%        1d8       1%          1

Your spell library contained the following spells:

 Spells                   Type           Power      Damage    Failure   Level
 Animate Skeleton         Necr           42%        N/A       1%          1
 Vampiric Draining        Necr           21%        2d7       6%          3
 Animate Dead             Necr           10%        N/A       19%         4
 Dazzling Flash           Conj/Hex       4%         N/A       43%         3
 Tukima's Dance           Hex            2%         N/A       43%         3
 Agony                    Necr           21%        N/A       47%         5
 Anguish                  Hex/Necr       6%         N/A       50%         4
 Iskenderun's Mystic Bla  Conj/Tloc      2%         2d3       85%         4
 Starburst                Conj/Fire      1%         6d3       100%        6
 Enfeeble                 Hex            1%         N/A       100%        7


Dungeon Overview and Level Annotations

Branches:
Dungeon (2/15)

Altars:

Annotations:
D:2 Natasha, Sigmund


Innate Abilities, Weirdness & Mutations

You have large cloven feet.
A meltable shield of frost defends you. (SH +4)


Message History

Confirm with . or Enter, or press ? or * to list all spells.
Aiming: Pain (safe; 1% risk of failure)
Press: ? - help, Shift-Dir - straight line, f/p - Natasha
Aim: Natasha (chance to affect: 80%) Natasha writhes in agony.
Natasha wildly gestures.
Natasha glows brightly for a moment.
Natasha barely misses you.
Casting: Pain (safe; 1% risk of failure)
Confirm with . or Enter, or press ? or * to list all spells.
Aiming: Pain (safe; 1% risk of failure)
Press: ? - help, Shift-Dir - straight line, f/p - Natasha
Aim: Natasha (lightly wounded, chance to affect: 80%) Natasha writhes in agony.
Natasha wildly gestures.
Natasha's front paws start to glow.
Natasha stares at you and mumbles some strange words.
The magic dart hits you!
Casting: Pain (safe; 1% risk of failure)
Confirm with . or Enter, or press ? or * to list all spells.
Aiming: Pain (safe; 1% risk of failure)
Press: ? - help, Shift-Dir - straight line, f/p - Natasha
Aim: Natasha (moderately wounded, chance to affect: 80%) Natasha writhes in agony.
Natasha casts a spell at you.
You feel yourself slow down.
Casting: Pain (safe; 1% risk of failure)
Confirm with . or Enter, or press ? or * to list all spells.
Aiming: Pain (safe; 1% risk of failure)
Press: ? - help, Shift-Dir - straight line, f/p - Natasha
Aim: Natasha (heavily wounded, chance to affect: 80%) Natasha writhes in agony.
Natasha claws you!
* * * LOW HITPOINT WARNING * * *
Casting: Pain (safe; 1% risk of failure)
Confirm with . or Enter, or press ? or * to list all spells.
Aiming: Pain (safe; 1% risk of failure)
Press: ? - help, Shift-Dir - straight line, f/p - Natasha
Aim: Natasha (heavily wounded, chance to affect: 80%) Natasha writhes in agony.
Natasha claws you.
You die...

....... ### .......
....... ###
.........# #..
######@..# #.# .#
#..># #.# #..# ##
#...# ####.##..... #.
#...# #....h...... #.
#######...###.##@#
.r..........)....#
.................#
.................#
######.....##.......#
#.....#######...
##.....## $##
#..(....# # #.......#


You could see Natasha.

Vanquished Creatures
  A gnoll (D:1)
  2 dart slugs (D:1)
  7 bats
  5 endoplasms (D:1)
  A giant cockroach (D:1)
  2 hobgoblins (D:1)
  3 quokkas
  5 ball pythons
  2 frilled lizards (D:1)
  4 kobolds (D:1)
  5 rats (D:1)
37 creatures vanquished.

Notes
Turn   | Place    | Note
-------+----------+-------------------------------------------
     0 | D:1      | Essalna the Demonspawn Necromancer began the quest for the
                  | Orb.
     0 | D:1      | Reached XP level 1. HP: 13/13 MP: 3/3
   278 | D:1      | Gained mutation: A meltable shield of frost defends you.
                  | (SH +4) [demonic ancestry]
   278 | D:1      | Reached XP level 2. HP: 17/19 MP: 3/5
  1084 | D:1      | Reached skill level 5 in Necromancy
  1084 | D:1      | Gained mutation: You have large cloven feet. [demonic
                  | ancestry]
  1084 | D:1      | Reached XP level 3. HP: 22/24 MP: 2/7
  1783 | D:2      | Noticed Sigmund
  1800 | D:2      | Found a faded altar of an unknown god.
  1958 | D:2      | Noticed Natasha
  1968 | D:2      | Slain by Natasha

Illustrated notes

Levels and vault maps discovered:
D:1:      roderic_chinese_lattice_arrival, layout_loops_ring,
          minmay_small_reverse_x
D:2:      layout_loops_cross, dreamdust_ecumenical_altar_grove, uniq_sigmund,
          uniq_natasha

Skill      XL: |  1  2  3 |
---------------+----------+-----
Necromancy     | 5 |  5.2
Spellcasting   | 3 |  3.0
Dodging        | |  1.7
Stealth        | |  1.7

Action                   || total
-------------------------++-------
Melee: Dagger            ||     5
       Kick              ||     1
 Cast: Pain              ||    70
  Use: Scroll            ||     5
Armor: Robe              ||    10
Dodge: Dodged            ||    13
Block: Other             ||     2

Table legend: (Time is in decaauts)
 A = Elapsed time spent in this place.
 B = Non-inter-level travel time spent in this place.
 C = Inter-level travel time spent in this place.
 D = Time resting spent in this place.
 E = Time spent auto-exploring this place.
 F = Levels seen in this place.
 G = Mean time per level.
                   A        B        C        D        E       F      G
               +--------+--------+--------+--------+--------+-----+--------+
         Total |   1968 |   1925 |     43 |      7 |   1691 |   2 |  984.0 |
       Dungeon |   1968 |   1925 |     43 |      7 |   1691 |   2 |  984.0 |
               +--------+--------+--------+--------+--------+-----+--------+

Top non-repeatable levels by time:
     D:1: 1654 daAuts
     D:2: 314 daAuts
